Map: Dusk Towers

Players

junkseeker

  • Race: Terran Terran

GammaGhost - Winner!

  • Race: Protoss Protoss
  • League: Platinum

VOD

Have the link to the VOD?

Description

Time

  • Played on: Jan. 22, 2016, 9:08 p.m.
  • Length: 8:04
Show
View Real Time Build Order
Export as new Build Order

junkseeker Terran 

Build Orders: Command Center First (CC) 

Get SALT Encoding   

  12  0:01  SCV  
  13  0:13  SCV  
  14  0:19  Supply Depot  
  14  0:25  SCV  
  15  0:40  SCV  
  16  0:53  SCV  
  17  1:05  SCV  
  17  1:07  Command Center  
  18  1:17  SCV  
  19  1:29  SCV  
  20  1:35  Barracks  
  20  1:36  Barracks  
  20  1:43  SCV  
  21  1:54  Barracks  
  21  1:59  SCV  
  22  2:12  SCV  
  23  2:25  Supply Depot, Marine  
  23  2:29  Orbital Command  
  24  2:30  Refinery  
  24  2:33  Refinery  
  24  2:34  Marine  
  25  2:44  Engineering Bay  
  25  2:50  Marine x2  
  26  2:55  Supply Depot  
  26  2:57  Orbital Command  
  26  3:00  Marine  
  26  3:03  SCV  
  28  3:08  Marine  
  29  3:15  SCV  
  29  3:18  Marine  
  31  3:22  Bunker  
  31  3:24  SCV, Marine  
  33  3:27  SCV  
  33  3:31  Marine  
  35  3:37  SCV  
  36  3:47  SCV  
  36  3:49  SCV  
  36  3:53  Missile Turret  
  36  3:55  Barracks Reactor, Factory  
  37  3:56  Barracks Tech Lab  
  37  4:06  SCV x2  
  39  4:12  Marine  
  39  4:16  Missile Turret  
  40  4:18  SCV  
  40  4:23  Terran Infantry Weapons Level 1  
  41  4:25  SCV, Stimpack  
  41  4:28  Marine  
  41  4:30  SCV, Marine  
  45  4:33  Supply Depot  
  45  4:37  SCV  
  46  4:42  SCV  
  46  4:43  Starport  
  47  4:47  Marine x3  
  50  4:53  SCV  
  50  4:54  SCV  
  52  5:02  Command Center  
  52  5:05  SCV  
  52  5:06  SCV  
  54  5:10  Missile Turret  
  54  5:14  Missile Turret  
  54  5:17  SCV  
  54  5:18  SCV  
  54  5:19  Missile Turret  
  56  5:27  Missile Turret  
  56  5:29  SCV  
  56  5:30  SCV, Missile Turret  
  58  5:36  Marine  
  58  5:37  Marine  
  58  5:38  Widow Mine  
  62  5:49  Missile Turret  
  62  6:07  Refinery  
  62  6:09  Refinery  
  62  6:11  Supply Depot  
  62  6:12  Supply Depot x2  
  62  6:13  SCV x2, Medivac, Marine x2  
  62  6:15  Barracks Tech Lab, Orbital Command  
  68  6:18  Medivac  
  70  6:25  SCV  
  70  6:29  Missile Turret  
  70  6:31  Marine x2  
  70  6:32  Widow Mine  
  75  6:35  SCV  
  75  6:38  SCV  
  77  6:49  Marine x2  
  77  6:52  Marine  
  63  7:06  Marine x2  
  65  7:10  Marine  
  47  7:24  Marine x2  
  47  7:28  Marine  
  30  7:42  Marine  
  32  7:46  Marine  
Show
View Real Time Build Order
Export as new Build Order

GammaGhost Protoss - Winner!

Build Orders: 1 Gate Expand 

Get SALT Encoding   

  12  0:01  Probe (Chrono Boost)  
  13  0:11  Probe (Chrono Boost)  
  14  0:20  Pylon  
  14  0:22  Probe (Chrono Boost)  
  15  0:38  Probe (Chrono Boost)  
  15  0:39  Gateway  
  16  0:48  Probe (Chrono Boost)  
  17  0:50  Assimilator  
  17  1:00  Probe (Chrono Boost)  
  18  1:19  Nexus  
  18  1:31  Cybernetics Core  
  18  1:34  Probe (Chrono Boost)  
  19  1:40  Assimilator  
  19  1:48  Probe (Chrono Boost)  
  20  2:01  Gateway  
  20  2:07  Warp Gate  
  22  2:08  Adept (Chrono Boost)  
  22  2:11  Probe  
  23  2:19  Pylon  
  23  2:30  Probe x2  
  23  2:36  Adept (Chrono Boost)  
  27  2:42  Probe  
  27  2:43  Probe  
  31  2:53  Adept (Chrono Boost)  
  31  3:04  Stargate  
  31  3:06  Probe  
  32  3:14  Probe  
  32  3:18  Probe  
  34  3:26  Probe  
  34  3:30  Probe  
  34  3:48  Pylon, Void Ray (Chrono Boost)  
  32  3:49  Probe  
  37  4:02  Gateway  
  37  4:03  Gateway  
  37  4:06  Gateway  
  37  4:07  Probe  
  37  4:08  Gateway  
  38  4:18  Stalker x2  
  38  4:21  Probe  
  43  4:28  Void Ray (Chrono Boost)  
  47  4:39  Pylon  
  47  4:41  Stalker  
  47  4:42  Pylon  
  49  5:09  Void Ray (Chrono Boost)  
  49  5:12  Stalker x3  
  59  5:32  Pylon  
  59  5:37  Pylon  
  59  5:59  Stalker x5  
  59  6:04  Nexus  
  69  6:06  Stalker  
  71  6:23  Adept x5  
  81  6:52  Stalker x2  
  81  6:57  Pylon  
  77  7:17  Stalker x3  
  79  7:36  Stalker x3  
  85  7:44  Probe  
Tags
 
Add a new tag
Caveats
  • Supply blocks, unpowered buildings, or Contaminate may cause inaccurate times.
  • Supply counts are checked every 10 seconds.